TOP OF THE 1ST |
Great Lakes Loons batting - Pitching for Dayton Dragons : RHP Matt Johnson
|
Pitching: RHP Matt Johnson
|
|
Batting: RHB Theo Schepers
|
0-0: Ball 1-0: Called Strike 1-1: Ball 2-1: Foul Ball, location: 2F 2-2: Strikes out swinging
|
Batting: RHB Jerry Sanchez
|
0-0: Called Strike 0-1: Called Strike 0-2: Ball 1-2: Ball 2-2: Ball 3-2: Foul Ball, location: 2F 3-2: SINGLE (Line Drive, 78S, EV 100.6 MPH)
|
Batting: SHB Shane Marcum
|
0-0: Ball 1-0: Called Strike Jerry Sanchez steals 2nd base 1-1: Swinging Strike 1-2: Ball 2-2: Ground out 1-3 (Groundball, 13, EV 67.5 MPH) Jerry Sanchez to third
|
Batting: LHB Mitchell Casey
|
0-0: Called Strike 0-1: Called Strike 0-2: Ball 1-2: Ball 2-2: Strikes out looking
|
Top of the 1st over - 0 runs, 1 hit, 0 errors, 1 left on base; Great Lakes 0 - Dayton 0 |
BOTTOM OF THE 1ST |
Dayton Dragons batting - Pitching for Great Lakes Loons : RHP Cory Fischer
|
Pitching: RHP Cory Fischer
|
|
Batting: LHB Fernando Gomez
|
0-0: Foul Ball, location: 2F 0-1: Ground out 4-3 (Groundball, 4, EV 87.5 MPH)
|
Batting: LHB Matthew Berry
|
0-0: Ball 1-0: Called Strike 1-1: Ball 2-1: Ball 3-1: Base on Balls
|
Batting: LHB Leo Gomez
|
0-0: Ball 1-0: Fielders Choice at 2nd, 4-6 (Groundball, 4, EV 109.4 MPH)
|
Batting: LHB Brian Dickeson
|
0-0: Ball Leo Gomez steals 2nd base (no throw) 1-0: Ball 2-0: Ball 3-0: Base on Balls
|
Batting: SHB Bryan Johnston
|
0-0: Ball 1-0: Fielders Choice at 2nd, U6 (Groundball, 6M, EV 77.5 MPH)
|
Bottom of the 1st over - 0 runs, 0 hits, 0 errors, 2 left on base; Great Lakes 0 - Dayton 0 |
TOP OF THE 2ND |
Great Lakes Loons batting - Pitching for Dayton Dragons : RHP Matt Johnson
|
Batting: LHB Steve Pond
|
0-0: Called Strike 0-1: Ball 1-1: Ball 2-1: Called Strike 2-2: Foul Ball, location: 2F 2-2: Strikes out swinging
|
Batting: LHB Tore Bosch
|
0-0: Ball 1-0: Called Strike 1-1: Ball 2-1: SINGLE (Line Drive, 8LS, EV 104.4 MPH)
|
Batting: RHB Chad Rojas
|
0-0: Ball Passed Ball! Tore Bosch to second 1-0: Swinging Strike 1-1: Ground out 4-3 (Groundball, 4MD, EV 108.1 MPH) Tore Bosch to third
|
Batting: RHB Matt Fields
|
0-0: Ground out 6-3 (Groundball, 6D, EV 84.4 MPH)
|
Top of the 2nd over - 0 runs, 1 hit, 0 errors, 1 left on base; Great Lakes 0 - Dayton 0 |
BOTTOM OF THE 2ND |
Dayton Dragons batting - Pitching for Great Lakes Loons : RHP Cory Fischer
|
Batting: LHB Andrew Hamm
|
0-0: Called Strike 0-1: Foul Ball, location: 2F 0-2: Ball 1-2: Foul Ball, location: 2F 1-2: Ball 2-2: Ball 3-2: Foul Ball, location: 2F 3-2: Base on Balls
|
Batting: LHB Nick Nino
|
0-0: Ball 1-0: Grounds into double play, 4-6-3 (Groundball, 4, EV 84.4 MPH)
|
Batting: RHB Kevin Larsen
|
0-0: Called Strike 0-1: Ball 1-1: Ball 2-1: SINGLE (Line Drive, 56, EV 109.4 MPH)
|
Batting: RHB Marcus Carter
|
0-0: Ball Kevin Larsen steals 2nd base 1-0: Called Strike 1-1: Ball 2-1: Foul Ball, location: 2F 2-2: Strikes out looking
|
Bottom of the 2nd over - 0 runs, 1 hit, 0 errors, 1 left on base; Great Lakes 0 - Dayton 0 |
TOP OF THE 3RD |
Great Lakes Loons batting - Pitching for Dayton Dragons : RHP Matt Johnson
|
Batting: RHB Jeremy Beltron
|
0-0: Ball 1-0: Called Strike 1-1: Foul Ball, location: 2F 1-2: SINGLE (Groundball, 34, EV 96.2 MPH)
|
Batting: RHB Theo Schepers
|
0-0: Called Strike 0-1: Foul Ball, location: 2F 0-2: Ball 1-2: Ball 2-2: Foul Ball, location: 2F 2-2: Foul Ball, location: 2F 2-2: Foul Ball, location: 2F 2-2: Ball 3-2: Base on Balls Jeremy Beltron to second
|
Batting: RHB Jerry Sanchez
|
0-0: Grounds into double play, 6-4-3 (Groundball, 6, EV 107.5 MPH) Jeremy Beltron to third
|
Batting: SHB Shane Marcum
|
0-0: Ball 1-0: Called Strike 1-1: Ball 2-1: Called Strike 2-2: Foul Ball, location: 2F 2-2: SINGLE (Groundball, 34D, EV 108.1 MPH) Jeremy Beltron scores
|
Batting: LHB Mitchell Casey
|
0-0: Ball 1-0: Ball 2-0: Called Strike 2-1: Foul Ball, location: 2F 2-2: Ball 3-2: Base on Balls Shane Marcum to second
|
Batting: LHB Steve Pond
|
0-0: Swinging Strike 0-1: Foul Ball, location: 2F 0-2: Strikes out swinging
|
Top of the 3rd over - 1 run, 2 hits, 0 errors, 2 left on base; Great Lakes 1 - Dayton 0 |
BOTTOM OF THE 3RD |
Dayton Dragons batting - Pitching for Great Lakes Loons : RHP Cory Fischer
|
Batting: LHB Fernando Gomez
|
0-0: Ball 1-0: Swinging Strike 1-1: Ball 2-1: Foul Ball, location: 2F 2-2: Strikes out looking
|
Batting: LHB Matthew Berry
|
0-0: Ball 1-0: Foul Ball, location: 2F 1-1: Foul Ball, location: 2F 1-2: Fly out, F8 (Flyball, 78D, EV 100.0 MPH)
|
Batting: LHB Leo Gomez
|
0-0: Fly out, F7 (Flyball, 78S, EV 85.6 MPH)
|
Bottom of the 3rd over - 0 runs, 0 hits, 0 errors, 0 left on base; Great Lakes 1 - Dayton 0 |
TOP OF THE 4TH |
Great Lakes Loons batting - Pitching for Dayton Dragons : RHP Matt Johnson
|
Batting: LHB Tore Bosch
|
0-0: Fly out, F9 (Flyball, 89S, EV 90.0 MPH)
|
Batting: RHB Chad Rojas
|
0-0: Ball 1-0: Swinging Strike 1-1: Fly out, F9 (Line Drive, 9, EV 91.9 MPH)
|
Batting: RHB Matt Fields
|
0-0: Ground out 1-3 (Groundball, P, EV 63.1 MPH)
|
Top of the 4th over - 0 runs, 0 hits, 0 errors, 0 left on base; Great Lakes 1 - Dayton 0 |
BOTTOM OF THE 4TH |
Dayton Dragons batting - Pitching for Great Lakes Loons : RHP Cory Fischer
|
Batting: LHB Brian Dickeson
|
0-0: Ball 1-0: Ball 2-0: Called Strike 2-1: Ball 3-1: Foul Ball, location: 2F 3-2: Foul Ball, location: 2F 3-2: Foul Ball, location: 2F 3-2: Ground out 1-3 (Groundball, P, EV 70.6 MPH)
|
Batting: SHB Bryan Johnston
|
0-0: Called Strike 0-1: Ball 1-1: Foul Ball, location: 2F 1-2: Foul Ball, location: 2F 1-2: Ground out 4-3 (Groundball, 4S, EV 86.9 MPH)
|
Batting: LHB Andrew Hamm
|
0-0: Ball 1-0: Foul Ball, location: 2F 1-1: Ball 2-1: Ball 3-1: Base on Balls
|
Batting: LHB Nick Nino
|
0-0: Ball 1-0: Ground out 5-3 (Groundball, 6S, EV 70.0 MPH)
|
Bottom of the 4th over - 0 runs, 0 hits, 0 errors, 1 left on base; Great Lakes 1 - Dayton 0 |
TOP OF THE 5TH |
Great Lakes Loons batting - Pitching for Dayton Dragons : RHP Matt Johnson
|
Batting: RHB Jeremy Beltron
|
0-0: Called Strike 0-1: DOUBLE (Line Drive, 7D, EV 85.6 MPH)
|
Batting: RHB Theo Schepers
|
0-0: Called Strike 0-1: Foul Ball, location: 2F 0-2: Strikes out swinging
|
Batting: RHB Jerry Sanchez
|
0-0: Called Strike 0-1: Ball 1-1: Foul Ball, location: 2F 1-2: Foul Ball, location: 2F 1-2: Strikes out looking
|
Batting: SHB Shane Marcum
|
0-0: Called Strike 0-1: Foul Ball, location: 2F 0-2: Ball 1-2: Strikes out swinging
|
Top of the 5th over - 0 runs, 1 hit, 0 errors, 1 left on base; Great Lakes 1 - Dayton 0 |
BOTTOM OF THE 5TH |
Dayton Dragons batting - Pitching for Great Lakes Loons : RHP Cory Fischer
|
Batting: RHB Kevin Larsen
|
0-0: Ball 1-0: Called Strike 1-1: SINGLE (Groundball, 4MD, EV 89.4 MPH) (infield hit)
|
Batting: RHB Marcus Carter
|
0-0: Ball 1-0: Called Strike 1-1: Called Strike 1-2: SINGLE (Groundball, 6MD, EV 102.5 MPH) Kevin Larsen to second Runner from 2nd tries for 3rd, SAFE, throw by CF made to third
|
Batting: LHB Fernando Gomez
|
0-0: Ball 1-0: Ball 2-0: Ball 3-0: Base on Balls Marcus Carter to second
|
Batting: LHB Matthew Berry
|
0-0: Ball 1-0: Foul Ball, location: 2F 1-1: DOUBLE (Flyball, 8LXD, EV 108.8 MPH) Kevin Larsen scores Marcus Carter scores Fernando Gomez to third
|
Batting: LHB Leo Gomez
|
0-0: Ball 1-0: Called Strike 1-1: SINGLE (Groundball, 34, EV 105.6 MPH) Fernando Gomez scores Matthew Berry to third
|
Batting: LHB Brian Dickeson
|
0-0: Called Strike Leo Gomez steals 2nd base 0-1: Called Strike 0-2: Strikes out swinging
|
Batting: SHB Bryan Johnston
|
0-0: Foul Ball, location: 2F 0-1: SINGLE (Groundball, 34, EV 96.9 MPH) Matthew Berry scores Leo Gomez to third Runner from 3rd tries for Home, SAFE, throw by RF to home
|
Pitching: RHP Lee Durbin
|
|
Batting: LHB Andrew Hamm
|
0-0: Ball Bryan Johnston is caught stealing 2nd base 2-6 1-0: Ball 2-0: Ball 3-0: Called Strike 3-1: Base on Balls
|
Batting: LHB Nick Nino
|
0-0: Ball 1-0: Called Strike 1-1: Ground out 5-3 (Groundball, 15, EV 77.5 MPH)
|
Bottom of the 5th over - 5 runs, 5 hits, 0 errors, 1 left on base; Great Lakes 1 - Dayton 5 |
TOP OF THE 6TH |
Great Lakes Loons batting - Pitching for Dayton Dragons : RHP Matt Johnson
|
Batting: LHB Mitchell Casey
|
0-0: Foul Ball, location: 2F 0-1: Called Strike 0-2: Foul Ball, location: 2F 0-2: Strikes out swinging, 2-3 out at first.
|
Batting: LHB Steve Pond
|
0-0: Ball 1-0: Ground out 6-3 (Groundball, 6, EV 81.2 MPH)
|
Batting: LHB Tore Bosch
|
0-0: Ball 1-0: SINGLE (Line Drive, 8LS, EV 99.4 MPH)
|
Batting: RHB Chad Rojas
|
0-0: TRIPLE (Flyball, 8LXD, EV 94.4 MPH) Tore Bosch scores
|
Batting: RHB Matt Fields
|
0-0: Swinging Strike 0-1: Called Strike 0-2: Foul Ball, location: 2F 0-2: Ball 1-2: Ball 2-2: Ball 3-2: SINGLE (Groundball, 56S, EV 97.5 MPH) Chad Rojas scores
|
Pitching: RHP Joe Green
|
|
Batting: RHB Jeremy Beltron
|
0-0: Called Strike Matt Fields steals 2nd base 0-1: Ball 1-1: Ball 2-1: SINGLE (Flyball, 89S, EV 88.8 MPH) Matt Fields to third Runner from 3rd tries for Home, SAFE, throw by RF to home Jeremy Beltron to second
|
Batting: RHB Theo Schepers
|
0-0: Swinging Strike 0-1: Ball 1-1: Ball 2-1: Foul Ball, location: 2F 2-2: Foul Ball, location: 2F 2-2: SINGLE (Flyball, 56D, EV 90.6 MPH) Jeremy Beltron to third Runner from 3rd tries for Home, SAFE, throw by LF to home
|
Batting: RHB Jerry Sanchez
|
0-0: Called Strike Theo Schepers steals 2nd base 0-1: Foul Ball, location: 2F 0-2: Ball 1-2: Ball 2-2: Foul Ball, location: 2F 2-2: Fly out, F8 (Flyball, 8RXD, EV 100.6 MPH)
|
Top of the 6th over - 4 runs, 5 hits, 0 errors, 1 left on base; Great Lakes 5 - Dayton 5 |
BOTTOM OF THE 6TH |
Dayton Dragons batting - Pitching for Great Lakes Loons : RHP Lee Durbin
|
Batting: RHB Kevin Larsen
|
0-0: Ball 1-0: Called Strike 1-1: Called Strike 1-2: Fly out, F3 (Popup, 34, EV 65.6 MPH)
|
Batting: RHB Marcus Carter
|
0-0: Ball 1-0: Called Strike 1-1: Ball 2-1: SINGLE (Groundball, 6MD, EV 97.5 MPH)
|
Batting: LHB Fernando Gomez
|
0-0: Ball 1-0: Ball Marcus Carter steals 2nd base 2-0: Ball Marcus Carter steals 3rd base 3-0: Called Strike 3-1: DOUBLE (Line Drive, 7LM, EV 106.9 MPH) Marcus Carter scores
|
Batting: LHB Matthew Berry
|
0-0: Foul Ball, location: 2F 0-1: Called Strike Fernando Gomez steals 3rd base 0-2: Ball 1-2: Ball 2-2: Ball 3-2: Hit by Pitch
|
Batting: LHB Leo Gomez
|
0-0: Ball 1-0: Foul Ball, location: 2F 1-1: Called Strike 1-2: SINGLE (Line Drive, 34D, EV 109.4 MPH) Fernando Gomez scores Matthew Berry to second
|
Batting: LHB Brian Dickeson
|
0-0: Ball 1-0: Ball 2-0: 3-RUN HOME RUN (Flyball, 89XD, EV 98.8 MPH), Distance : 385 ft
|
Pitching: RHP Justin Donovan
|
|
Batting: SHB Bryan Johnston
|
0-0: Ball 1-0: Ball 2-0: Swinging Strike 2-1: Foul Ball, location: 2F 2-2: SINGLE (Flyball, 89S, EV 88.1 MPH)
|
Batting: LHB Andrew Hamm
|
0-0: Called Strike Bryan Johnston steals 2nd base (no throw) 0-1: Ball 1-1: Ball 2-1: Ball 3-1: Base on Balls
|
Batting: LHB Nick Nino
|
0-0: Ball 1-0: Called Strike Bryan Johnston steals 3rd base Andrew Hamm to second 1-1: Foul Ball, location: 2F 1-2: Ground out 1-3 (Groundball, P, EV 73.1 MPH)
|
Batting: RHB Kevin Larsen
|
0-0: Ball 1-0: Ball 2-0: 3-RUN HOME RUN (Flyball, 7LD, EV 91.9 MPH), Distance : 326 ft
|
Batting: RHB Marcus Carter
|
0-0: Called Strike 0-1: Ball 1-1: Foul Ball, location: 2F 1-2: Strikes out swinging
|
Bottom of the 6th over - 8 runs, 6 hits, 0 errors, 0 left on base; Great Lakes 5 - Dayton 13 |
TOP OF THE 7TH |
Great Lakes Loons batting - Pitching for Dayton Dragons : RHP Joe Green
|
Batting: SHB Shane Marcum
|
0-0: Ball 1-0: Called Strike 1-1: Fly out, F9 (Flyball, 89M, EV 87.5 MPH)
|
Batting: LHB Santiago Chavira
|
0-0: Ball 1-0: DOUBLE (Flyball, 8LD, EV 91.2 MPH)
|
Pitching: RHP Matt Knowles
|
|
Batting: LHB Steve Pond
|
0-0: Called Strike 0-1: Ball 1-1: Ball 2-1: Ball 3-1: Foul Ball, location: 2F 3-2: Base on Balls
|
Batting: LHB Tore Bosch
|
0-0: Ball 1-0: Fly out, F7 (Flyball, 78M, EV 77.5 MPH)
|
Batting: RHB Chad Rojas
|
0-0: Called Strike 0-1: Ball 1-1: Called Strike 1-2: Ball 2-2: Ball 3-2: Strikes out swinging
|
Top of the 7th over - 0 runs, 1 hit, 0 errors, 2 left on base; Great Lakes 5 - Dayton 13 |
BOTTOM OF THE 7TH |
Dayton Dragons batting - Pitching for Great Lakes Loons : RHP Justin Donovan
|
Batting: LHB Fernando Gomez
|
0-0: Ball 1-0: Called Strike 1-1: Called Strike 1-2: Ball 2-2: Ball 3-2: Foul Ball, location: 2F 3-2: Foul Ball, location: 2F 3-2: Base on Balls
|
Batting: LHB Matthew Berry
|
0-0: SINGLE (Groundball, 34D, EV 96.9 MPH) Fernando Gomez to second
|
Batting: LHB Leo Gomez
|
0-0: Ball 1-0: TRIPLE (Flyball, 89XD, EV 90.6 MPH) Fernando Gomez scores Matthew Berry scores
|
Pitching: RHP Angel Rivas
|
|
Batting: LHB Brian Dickeson
|
0-0: Called Strike 0-1: Called Strike 0-2: Strikes out looking
|
Batting: SHB Bryan Johnston
|
0-0: Called Strike 0-1: Ball 1-1: Fly out, F7 (Flyball, 7D, EV 91.2 MPH) Runner from 3rd tags up, SCORES, no throw by LF
|
Pinch Hitting: RHB Mark Ortner
|
0-0: Ball 1-0: Ground out U3 (Groundball, 34S, EV 85.6 MPH)
|
Bottom of the 7th over - 3 runs, 2 hits, 0 errors, 0 left on base; Great Lakes 5 - Dayton 16 |
TOP OF THE 8TH |
Great Lakes Loons batting - Pitching for Dayton Dragons : RHP Matt Knowles
|
Now at 1B: John Galluzzo
|
|
Batting: RHB Matt Fields
|
0-0: Ball 1-0: Ball 2-0: Ball 3-0: Base on Balls
|
Batting: RHB Jeremy Beltron
|
0-0: Called Strike 0-1: Ball 1-1: Grounds into double play, 6-4-3 (Groundball, 6, EV 100.0 MPH)
|
Batting: RHB Theo Schepers
|
0-0: Called Strike 0-1: Called Strike 0-2: Reached via error on a dropped throw from 1B, E1 (Groundball, 34S, EV 86.9 MPH)
|
Batting: RHB Jerry Sanchez
|
0-0: Ball 1-0: SINGLE (Line Drive, 78S, EV 107.5 MPH) Theo Schepers to second
|
Batting: SHB Shane Marcum
|
0-0: Ball 1-0: Ball 2-0: Foul Ball, location: 2F 2-1: Ground out 6-3 (Groundball, 4MS, EV 84.4 MPH)
|
Top of the 8th over - 0 runs, 1 hit, 1 error, 2 left on base; Great Lakes 5 - Dayton 16 |
BOTTOM OF THE 8TH |
Dayton Dragons batting - Pitching for Great Lakes Loons : RHP Angel Rivas
|
Batting: LHB Nick Nino
|
0-0: Ball 1-0: Ball 2-0: Called Strike 2-1: Ball 3-1: Foul Ball, location: 2F 3-2: Base on Balls
|
Batting: RHB Kevin Larsen
|
0-0: Ball 1-0: Swinging Strike 1-1: Foul Ball, location: 2F 1-2: 2-RUN HOME RUN (Flyball, 7LD, EV 97.5 MPH), Distance : 352 ft
|
Batting: RHB Marcus Carter
|
0-0: Foul Ball, location: 2F 0-1: Ball 1-1: Called Strike 1-2: Strikes out swinging
|
Batting: LHB Fernando Gomez
|
0-0: Called Strike 0-1: Ball 1-1: SINGLE (Groundball, 6MD, EV 96.9 MPH)
|
Batting: LHB Matthew Berry
|
0-0: Ball 1-0: Ball 2-0: Called Strike 2-1: Ball 3-1: Base on Balls Fernando Gomez to second
|
Pitching: RHP Nick Vigh
|
|
Batting: LHB Leo Gomez
|
0-0: Called Strike 0-1: Ball 1-1: Foul Ball, location: 2F 1-2: Ball 2-2: Foul Ball, location: 2F 2-2: Fielders Choice at 2nd, 6-4 (Groundball, 6M, EV 93.1 MPH) Fernando Gomez to third
|
Batting: LHB Brian Dickeson
|
0-0: Ball 1-0: Ball 2-0: Foul Ball, location: 2F 2-1: Ball 3-1: Base on Balls Leo Gomez to second
|
Batting: SHB Bryan Johnston
|
0-0: Ball Balk! Fernando Gomez scores Leo Gomez to third Brian Dickeson to second 1-0: Ball 2-0: Foul Ball, location: 2F 2-1: Called Strike 2-2: Ball 3-2: SINGLE (Groundball, 5S, EV 63.8 MPH) (infield hit) Leo Gomez scores Brian Dickeson to third
|
Batting: RHB John Galluzzo
|
|
Pinch Hitting: RHB Jake Savell
|
0-0: Foul Ball, location: 2F 0-1: Ball 1-1: Foul Ball, location: 2F 1-2: Foul Ball, location: 2F 1-2: Strikes out swinging
|
Bottom of the 8th over - 4 runs, 3 hits, 0 errors, 2 left on base; Great Lakes 5 - Dayton 20 |
TOP OF THE 9TH |
Great Lakes Loons batting - Pitching for Dayton Dragons : RHP Matt Knowles
|
Now at 1B: Jake Savell
|
|
Batting: LHB Santiago Chavira
|
0-0: Ball 1-0: Ball 2-0: Foul Ball, location: 2F 2-1: Ball 3-1: DOUBLE (Line Drive, 7LS, EV 106.9 MPH)
|
Pitching: RHP Markus Bevan
|
|
Pinch Runner at 2nd Chris Barrera:
|
|
Batting: LHB Steve Pond
|
0-0: Foul Ball, location: 2F 0-1: Called Strike 0-2: Foul Ball, location: 2F 0-2: Ball 1-2: Strikes out swinging
|
Batting: LHB Tore Bosch
|
0-0: Ball 1-0: Called Strike 1-1: DOUBLE (Line Drive, 89M, EV 106.9 MPH) Chris Barrera scores
|
Batting: RHB Chad Rojas
|
0-0: Ball 1-0: Ball 2-0: Called Strike 2-1: Swinging Strike 2-2: Fly out, F6 (Popup, P, EV 83.1 MPH)
|
Batting: RHB Matt Fields
|
0-0: Ball 1-0: SINGLE (Groundball, 34D, EV 100.6 MPH) Tore Bosch to third
|
Batting: RHB Jeremy Beltron
|
0-0: Ball 1-0: Ground out 5-3 (Groundball, 56S, EV 83.1 MPH)
|
Top of the 9th over - 1 run, 3 hits, 0 errors, 2 left on base; Great Lakes 6 - Dayton 20 |
|